 Dungeon Crawl Stone Soup version 0.28.0-49-g6dfe1f597d (webtiles) character file.

Game seed: 8604562701403703500

154 Zeld the Chiller (level 5, -17/38 HPs)
             Began as a Ghoul Ice Elementalist on May 12, 2022.
             Demolished by an ogre
             ... wielding a +0 giant spiked club
              (21 damage)
             ... on level 4 of the Dungeon.
             The game lasted 00:09:20 (3069 turns).

Zeld the Chiller (Ghoul Ice Elementalist)           Turns: 3069, Time: 00:09:21

Health: -17/38     AC:  2    Str: 12    XL:     5   Next: 35%
Magic:  6/8        EV: 12    Int: 12    God:
Gold:   141        SH:  0    Dex:  9    Spells: 3/10 levels left

rFire   . . .      SeeInvis .   (no weapon)
rCold   + . .      Faith    .   (no shield)
rNeg    + + +      Spirit   .   a - +0 robe
rPois   ∞          Reflect  .   (no helmet)
rElec   .          Harm     .   i - scarf {repulsion}
rCorr   .          Rampage  .   (no gloves)
Will    .....                   (no boots)
Stlth   ++........              (no amulet)
HPRegen 0.00/turn               (no ring)
MPRegen 0.11/turn               (no ring)

@: inhibited regen, repel missiles
A: claws 1, cold resistance 1, negative energy resistance 3, inhibited
regeneration, torment resistance 2
a: no special abilities


You were on level 4 of the Dungeon.
You visited 1 branch of the dungeon, and saw 4 of its levels.
You also visited: Sewer.

You collected 141 gold pieces.

Inventory:

Armour
 a - a +0 robe (worn)
 i - a scarf of repulsion (worn)
Jewellery
 j - a ring of protection from fire
Scrolls
 b - a scroll of noise {unknown}
 e - a scroll of enchant armour {unknown}
 f - 2 scrolls of enchant weapon {unknown}
 g - a scroll of vulnerability {unknown}
 h - a scroll of teleportation {unknown}


   Skills:
 + Level 2.6 Dodging
 - Level 2.1 Stealth
 * Level 3.1 Spellcasting
 * Level 5.6 Ice Magic


You had 3 spell levels left.
You knew the following spells:

 Your Spells              Type           Power      Damage    Failure   Level
a - Freeze                Ice            60%        1d8       2%          1
b - Frozen Ramparts       Ice            30%        1d5       8%          3
c - Ozocubu's Armour      Ice            15%        N/A       8%          3

Your spell library contained the following spells:

 Spells                   Type           Power      Damage    Failure   Level
 Hailstorm                Conj/Ice       8%         3d4       58%         4


Dungeon Overview and Level Annotations

Branches:
Dungeon (4/15)              Sewer (visited)
 Temple: D:4-7

Altars:
Hepliaklqana
Sif Muna

Shops:
D:3 !


Innate Abilities, Weirdness & Mutations

You thrive by killing the living.
You are immune to poison.
You have sharp fingernails.
Your flesh is cold resistant. (rC+)
You are immune to negative energy. (rN+++)
You do not regenerate when monsters are visible.
You are immune to unholy pain and torment.


Message History

The hobgoblin completely misses you. The hobgoblin barely misses you.
The hobgoblin misses you. The hobgoblin hits you.
The hobgoblin hits you but does no damage.
There is an escape hatch in the floor here.
The hobgoblin misses you.
You slide downwards.
The hatch slams shut behind you.
The ball python hisses angrily.
The hobgoblin misses you. The ogre misses you.
Casting: Freeze (safe; 2% risk of failure)
Confirm with . or Enter, or press ? or * to list all spells.
Casting: Frozen Ramparts (dangerous; 8% risk of failure)
Press: ? - help, Dir - look around, f - activate The walls around you are covered in ice.
The wall freezes the ball python.
The ball python seems to slow down.
The wall freezes the hobgoblin.
The hobgoblin barely misses you.
The wall freezes the ball python.
The ball python seems to slow down.
Unknown command.
The wall freezes the ogre.
The ogre closely misses you.
The wall freezes the hobgoblin.
The hobgoblin closely misses you.
The wall freezes the ball python.
You kill the ball python!
The wall freezes the hobgoblin.
The hobgoblin hits you.
The wall freezes the ogre.
The ogre barely misses you.
The wall freezes the hobgoblin.
You kill the hobgoblin!
The wall freezes the ogre.
The ogre misses you.
The wall freezes the ogre.
The ogre barely misses you.
The wall freezes the ogre.
The ogre closely misses you.
The frozen ramparts melt away.
The ogre closely misses you. The ogre barely misses you.
A gnoll comes into view. It is wielding a +0 spear.
The ogre hits you with a +0 giant spiked club!!
Ouch! That really hurt!
* * * LOW HITPOINT WARNING * * *
The ogre hits you with a +0 giant spiked club!!
Ouch! That really hurt!
You die...

... #.. #.#
#.# ... #†#
#O# #@#
#.##.#####...
#............
###.######...
#. #. #. #.
#.


You could see an ogre.

Vanquished Creatures
  An orc wizard (D:3)
  2 adders (D:3)
  2 worms
  5 dart slugs
  5 orcs (D:3)
  11 bats
  3 endoplasms
  8 giant cockroaches
  7 goblins
  6 hobgoblins
  2 jackals (D:3)
  2 quokkas
  11 ball pythons
  5 frilled lizards
  7 kobolds
  9 rats
86 creatures vanquished.

Notes
Turn   | Place    | Note
-------+----------+-------------------------------------------
     0 | D:1      | Zeld the Ghoul Ice Elementalist began the quest for the
                  | Orb.
     0 | D:1      | Reached XP level 1. HP: 14/14 MP: 2/2
   214 | D:1      | Reached XP level 2. HP: 20/20 MP: 2/4
   550 | D:1      | Reached XP level 3. HP: 17/26 MP: 0/5
   554 | D:1      | Learned a level 3 spell: Frozen Ramparts
  1094 | D:2      | Reached skill level 5 in Ice Magic
  1368 | D:2      | Reached XP level 4. HP: 33/33 MP: 4/6
  1452 | D:2      | Learned a level 3 spell: Ozocubu's Armour
  1874 | D:3      | Found a faded altar of an unknown god.
  1913 | D:3      | Found a shimmering blue altar of Sif Muna.
  2061 | D:3      | Found a hazy altar of Hepliaklqana.
  2062 | D:3      | Found a faded altar of an unknown god.
  2068 | D:3      | Reached XP level 5. HP: 13/38 MP: 1/8
  2514 | D:3      | Found a glowing drain.
  2523 | Sewer    | Entered a sewer
  2584 | Sewer    | HP: 1/38 [ufetubus (3)]
  3006 | D:3      | Found Cuobuy's Distillery.
  3055 | D:4      | Noticed an ogre
  3069 | D:4      | Demolished by an ogre

Illustrated notes

Levels and vault maps discovered:
D:1:      ncdulo_lavacross, layout_loops_cross
D:2:      layout_rooms
D:3:      layout_rooms, nicolae_sif_muna_little_library,
          beargit_hepliaklqana_dungeon_heroes,
          ebering_ecumenical_altar_sacrificial, serial_shops,
          nicolae_shop_advertising_works [nicolae_subvault_shop_adworks],
          portal_sewer_entry_e, chequers_serial_rivers_micro_a
D:4:      layout_loops_ring, hangedman_decor_push

Skill      XL: |  1  2  3  4  5 |
---------------+----------------+-----
Spellcasting   | 2 3 |  3.1
Dodging        | 2 |  2.6
Ice Magic      | 5 |  5.6
Stealth        | |  2.1

Action                   |  1- 3 |  4- 6 || total
-------------------------+-------+-------++-------
Melee: Unarmed           |    59 |    21 ||    80
 Cast: Freeze            |    38 |    60 ||    98
       Frozen Ramparts   |     2 |     5 ||     7
  Use: Potion            |       |     2 ||     2
 Stab: Sleeping          |     1 |     1 ||     2
Armor: Robe              |    18 |    25 ||    43
Dodge: Dodged            |    53 |   122 ||   175
